 Dungeon Crawl Stone Soup version 0.29-a0-40-g8eb35efe60 (webtiles) character file.

Game seed: 2785326700875238402

235 Ajdolov the Digger (level 5, 0/38 HPs)
             Began as a Demigod Earth Elementalist on Feb 1, 2022.
             Slain by a river rat (4 damage)
             ... in a sewer.
             The game lasted 00:05:44 (3361 turns).

Ajdolov the Digger (Demigod Earth Elementalist)     Turns: 3361, Time: 00:05:44

Health: 0/38       AC:  2    Str:  9    XL:     5   Next: 47%
Magic:  3/11       EV: 12    Int: 21    God:
Gold:   156        SH:  0    Dex: 14    Spells: 4/8 levels left

rFire   . . .      SeeInvis .   e - +0 short sword
rCold   + . .      Faith    .   (no shield)
rNeg    . . .      Spirit   .   b - +0 robe
rPois   .          Reflect  .   (no helmet)
rElec   .          Harm     .   (no cloak)
rCorr   .          Rampage  .   (no gloves)
Will    .....                   (no boots)
Stlth   ++........              (no amulet)
HPRegen 0.12/turn               f - ring of protection from cold
MPRegen 0.12/turn               (no ring)

@: no status effects
A: high MP 1, forlorn, divine attributes
a: no special abilities


You were in a sewer.
You visited 1 branch of the dungeon, and saw 4 of its levels.
You also visited: Sewer.

You collected 156 gold pieces.

Inventory:

Hand Weapons
 e - a +0 short sword (weapon)
Missiles
 c - 31 stones
Armour
 b - a +0 robe (worn)
Jewellery
 f - a ring of protection from cold (left hand)
Scrolls
 a - a scroll of enchant weapon {unknown}
 d - a scroll of identify {unknown}
 g - 2 scrolls of immolation {unknown}
 h - a scroll of fog {unknown}
 i - a scroll of amnesia {unknown}
 k - a scroll of teleportation {unknown}
Potions
 j - a potion of heal wounds {unknown}
 l - a potion of curing {unknown}
 m - a potion of flight {unknown}
 n - a potion of berserk rage {unknown}


   Skills:
 - Level 1.7 Dodging
 - Level 1.7 Stealth
 - Level 2.3 Spellcasting
 * Level 2.7 Conjurations
 - Level 0.8 Transmutations
 * Level 4.8 Earth Magic


You had 4 spell levels left.
You knew the following spells:

 Your Spells              Type           Power      Damage    Failure   Level
a - Sandblast             Erth           44%        2d11      1%          1
b - Stone Arrow           Conj/Erth      36%        3d9       9%          3

Your spell library contained the following spells:

 Spells                   Type           Power      Damage    Failure   Level
 Passwall                 Tmut/Erth      11%        N/A       7%          2
 Petrify                  Tmut/Erth      14%        N/A       41%         4


Dungeon Overview and Level Annotations

Branches:
Dungeon (4/15)              Sewer (1/1)
 Temple: D:4-7


Innate Abilities, Weirdness & Mutations

You have an increased reservoir of magic. (+10% MP)
You shall have no god before yourself.
Your divine heritage dramatically boosts your attributes as you level up.


Message History

The blast of sand misses the adder.
The blast of sand hits the river rat!
The river rat is severely wounded.
The adder completely misses you.
Aiming: Sandblast (safe; 1% risk of failure)
Press: ? - help, Q - select action, (/) - cycle Shift-Dir - straight line, f/p - adder
Aim: an adder (almost dead, 68% to hit)
The blast of sand hits the adder.
You kill the adder!
Aiming: Sandblast (safe; 1% risk of failure)
Press: ? - help, Q - select action, (/) - cycle Shift-Dir - straight line, f - river rat
Aim: a river rat (severely wounded, 78% to hit)
The blast of sand hits the river rat!
You kill the river rat!
Unknown command.
Things that are here:
a river rat corpse; an adder corpse
There is a glowing drain here.
You start resting.
You hear the slow rusting of a drain.
The world spins around you as you enter the gateway.
You enter a sewer!
Found a gate leading back out of this place.
There is an empty arch of ancient stone here.
The helpless river rat fails to defend itself.
You hit the river rat but do no damage. The river rat bites you!
You barely miss the river rat. The river rat bites you!
* * * LOW HITPOINT WARNING * * *
Aiming: Sandblast (safe; 1% risk of failure)
Press: ? - help, Q - select action, (/) - cycle Shift-Dir - straight line, f - river rat
Aim: a river rat (78% to hit)
The blast of sand misses the river rat.
The river rat bites you!
* * * LOW HITPOINT WARNING * * *
Aiming: Sandblast (safe; 1% risk of failure)
Press: ? - help, Q - select action, (/) - cycle Shift-Dir - straight line, f/p - river rat
Aim: a river rat (78% to hit)
The blast of sand hits the river rat.
The river rat is heavily wounded.
The river rat bites you.
You die...

#≈#
#≈#
#.#
#.#
#.#
#r#
#r#
#@#
#∩#
#∩#
#.#
#.#
#r#
#r#
#r#
#r#


You could see a river rat and 4 rats.

Vanquished Creatures
  A centaur skeleton (D:4)
  10 adders
  2 river rats (D:4)
  7 worms (D:4)
  2 dart slugs
  4 bats
  8 endoplasms
  4 giant cockroaches
  3 goblins
  4 hobgoblins
  5 jackals
  6 kobolds
  3 quokkas
  6 ball pythons
  7 frilled lizards
  9 rats
81 creatures vanquished.

Notes
Turn   | Place    | Note
-------+----------+-------------------------------------------
     0 | D:1      | Ajdolov the Demigod Earth Elementalist began the quest for
                  | the Orb.
     0 | D:1      | Reached XP level 1. HP: 14/14 MP: 5/5
   132 | D:1      | Reached skill level 3 in Earth Magic
   361 | D:1      | Reached XP level 2. HP: 20/20 MP: 5/7
  1137 | D:2      | Reached XP level 3. HP: 23/26 MP: 3/9
  1207 | D:2      | Learned a level 3 spell: Stone Arrow
  1649 | D:2      | Reached skill level 4 in Earth Magic
  1667 | D:2      | Reached skill level 1 in Conjurations
  1667 | D:2      | Reached XP level 4. HP: 33/33 MP: 8/10
  3157 | D:4      | Reached XP level 5. HP: 38/38 MP: 7/11
  3330 | D:4      | Found a glowing drain.
  3356 | Sewer    | Entered a sewer
  3361 | Sewer    | Slain by a river rat

Illustrated notes

Levels and vault maps discovered:
D:1:      onia_arrival_pyramid, layout_rooms,
          ebering_ecumenical_altar_sacrificial
D:2:      layout_loops_cross, basic_altar, kennysheep_generic_room_7
D:3:      layout_basic, minivault_25
D:4:      layout_basic, nicolae_ru_awakened_eye, lightli_sewer_entry_pipes,
          nicolae_figureground_pulse
Sewer:    sewer_kobolds

Skill      XL: |  1  2  3  4 |
---------------+-------------+-----
Spellcasting   | 2 |  2.3
Earth Magic    | 3 4 |  4.8
Conjurations   | 1 2 |  2.7
Dodging        | |  1.7
Stealth        | |  1.7
Transmutations | |  0.8

Action                   |  1- 3 |  4- 6 || total
-------------------------+-------+-------++-------
Melee: Unarmed           |     2 |       ||     2
       Short sword       |    25 |    40 ||    65
 Cast: Sandblast         |    51 |    64 ||   115
 Stab: Sleeping          |       |     4 ||     4
Armor: Robe              |     7 |     7 ||    14
Dodge: Dodged            |    31 |    32 ||    63

Table legend: (Time is in decaauts)
 A = Elapsed time spent in this place.
 B = Non-inter-level travel time spent in this place.
 C = Inter-level travel time spent in this place.
 D = Time resting spent in this place.
 E = Time spent auto-exploring this place.
 F = Levels seen in this place.
 G = Mean time per level.
                   A        B        C        D        E       F      G
               +--------+--------+--------+--------+--------+-----+--------+
         Total |   3397 |   3290 |    107 |    270 |   2423 |   5 |  679.4 |
       Dungeon |   3392 |   3285 |    107 |    270 |   2423 |   4 |  848.0 |
         Sewer |      5 |      5 |      0 |      0 |      0 |   1 |    5.0 |
               +--------+--------+--------+--------+--------+-----+--------+

Top non-repeatable levels by time:
     D:1: 1120 daAuts
     D:3: 1047 daAuts
     D:2: 969 daAuts
     D:4: 255 daAuts
   Sewer: 5 daAuts
